 Dungeon Crawl Stone Soup version 0.30-a0-457-g4b7bca3bfa (webtiles) character file.

Game seed: 15574541211059370156

9097 qeuew the Cleaver (level 11, -10/95 HPs)
             Began as a Hill Orc Fighter on Dec 12, 2022.
             Was a Follower of Nemelex Xobeh.
             Killed from afar by a wizard (33 damage)
             ... with a fireball
             ... on level 9 of the Dungeon.
             The game lasted 00:12:18 (6901 turns).

qeuew the Cleaver (Hill Orc Fighter)                Turns: 6901, Time: 00:12:19

Health: -10/95     AC:  8    Str: 28    XL:     11   Next: 41%
Magic:  11/11      EV: 14    Int:  8    God:    Nemelex Xobeh [*.....]
Gold:   616        SH:  6    Dex: 18    Spells: 10/10 levels left

rFire   . . .      SeeInvis +    a - +1 war axe (chaos)
rCold   . . .      Faith    .    c - +0 buckler
rNeg    . . .      Spirit   .    b - +0 scale mail
rPois   +          Reflect  .    (no helmet)
rElec   .          Harm     .    (no cloak)
rCorr   .          Rampage  .    (no gloves)
Will    .....                    (no boots)
Stlth   ..........               (no amulet)
HPRegen 1.15/turn                m - +6 ring of strength
MPRegen 0.12/turn                l - +6 ring of dexterity

@: no status effects
A: see invisible, poison resistance, regeneration 1
a: Renounce Religion, Draw Escape, Draw Destruction, Draw Summoning


You were on level 9 of the Dungeon.
You worshipped Nemelex Xobeh.
Nemelex Xobeh was aware of your devotion.
You visited 2 branches of the dungeon, and saw 10 of its levels.
You also visited: Bailey.

You collected 616 gold pieces.

Inventory:

Hand Weapons
 a - a +1 war axe of chaos (weapon)
Missiles
 h - a throwing net
Armour
 b - a +0 scale mail (worn)
 c - a +0 buckler (worn)
Jewellery
 l - a +6 ring of dexterity (right hand)
 m - a +6 ring of strength (left hand)
 q - a ring of flight
Wands
 f - a wand of mindburst (16)
 k - a wand of polymorph (18)
 o - a wand of charming (9)
 w - a wand of digging (3)
 y - a wand of flame (30)
 z - a wand of light (4) (quivered)
 A - a wand of iceblast (2)
Scrolls
 d - a scroll of enchant armour {unknown}
 i - a scroll of torment {unknown}
 j - a scroll of poison
 n - 3 scrolls of fog
 r - 2 scrolls of enchant weapon
 s - 2 scrolls of blinking
 t - 6 scrolls of fear
 v - a scroll of teleportation
Potions
 e - 2 potions of resistance
 g - 5 potions of curing


   Skills:
 + Level 8.8 Fighting
 + Level 9.2 Axes
 + Level 8.1 Armour
 * Level 7.9 Dodging
 + Level 8.0 Shields
 + Level 6.1 Evocations


You had 10 spell levels left.
You didn't know any spells.
Your spell library contained the following spells:

 Spells                   Type           Power      Damage    Failure   Level
 Necrotise                Necr           0%         1d4       71%         1
 Sting                    Tmut/Pois      0%         1d3       71%         1
 Cigotuvi's Dreadful Rot  Necr/Pois/Air  0%         N/A       85%         2
 Poisonous Vapours        Pois/Air       0%         N/A       85%         2
 Gell's Gravitas          Tloc           0%         N/A       97%         3
 Mephitic Cloud           Conj/Pois/Air  0%         N/A       97%         3
 Summon Guardian Golem    Hex/Summ       0%         N/A       97%         3
 Teleport Other           Tloc           0%         N/A       97%         3
 Vampiric Draining        Necr           0%         2d6       97%         3
 Olgreb's Toxic Radiance  Pois           0%         N/A       100%        4
 Agony                    Necr           0%         N/A       100%        5
 Dispersal                Tloc           0%         N/A       100%        6
 Orb of Destruction       Conj           0%         9d5       100%        7
 Spellforged Servitor     Conj/Summ      0%         N/A       100%        7


Dungeon Overview and Level Annotations

Branches:
Dungeon (9/15)             Temple (1/1) D:6          Bailey (visited)
   Lair: D:8-11         Orc: D:9-12

Altars:
Cheibriados
Dithmenos
Fedhas
Gozag
Hepliaklqana
Kikubaaqudgha
Makhleb
Nemelex Xobeh
Qazlal
Ru
Vehumet
The Shining One

Shops:
D:5 (?==(   D:6 [**   D:7 :


Innate Abilities, Weirdness & Mutations

You have supernaturally acute eyesight. (SInv)
Your system is resistant to poisons. (rPois)
Your natural rate of healing is unusually fast.


Message History

The boulder beetle seems less confused.
Aiming: Bolt of Light
Press: ? - help, Q - select action, (/) - cycle Shift-Dir - straight line, f/p - boulder beetle
Aim: a boulder beetle (almost dead, blind, poisoned, 100% to hit)
The bolt of light hits the boulder beetle.
The boulder beetle is almost dead.
The boulder beetle bites you.
* * * LOW HITPOINT WARNING * * *
You catch the helpless boulder beetle completely off-guard!
You slash the boulder beetle!
You kill the boulder beetle!
A wyvern comes into view.
Your Shields skill increases to level 8!
The wyvern hisses menacingly.
Aiming: Bolt of Light
Press: ? - help, Q - select action, (/) - cycle Shift-Dir - straight line, f - wyvern
Aim: a wyvern (74% to hit)
The bolt of light hits the wyvern!!
The wyvern is heavily wounded.
The wyvern is blinded.
You barely miss the wyvern.
The wyvern is heavily wounded.
You block the wyvern's attack.
A wizard comes into view. It is wielding a +0 dagger.
You barely miss the wyvern.
The wyvern is heavily wounded.
You block the wyvern's attack. The wyvern closely misses you.
Aiming: Bolt of Light
Press: ? - help, Q - select action, (/) - cycle Shift-Dir - straight line, p - wyvern The bolt of light hits the wyvern!!
You kill the wyvern!
Unknown command.
Aiming: Bolt of Light
Press: ? - help, Q - select action, (/) - cycle Shift-Dir - straight line, f - wizard
Aim: a wizard, wielding a +0 dagger and wearing a +0 robe (64% to hit)
The bolt of light misses the wizard.
The wizard casts a spell at you.
The fireball explodes!
The fireball engulfs you!!
You die...
Your body disappears without a glow.

#..# #..# T #..# . ..
#♣♣♣ #..#######.. W..
#.. #........<..# ..
#.♣♣♣♣#...........#
#F♣#.....#†..........#
♣...♣♣♣p)...@.......#
#.♣#.....#)..........#
.. #.♣♣♣♣#...........#
... #.. #...........#
.O #♣♣♣ #...........#
. #...........#
#...........#
#...........#
#######...........#


You could see a wizard.

Vanquished Creatures
  2 vault guards (Bailey)
  A boulder beetle (D:9)
  The ghost of Bediveer the Trooper, a novice DrTm of Gozag (D:6)
  Maggie (D:7)
  Prince Ribbit (Bailey)
  A troll (D:9)
  Sigmund (D:2)
  A wyvern (D:9)
  3 humans (Bailey)
  3 water moccasins (D:9)
  2 ice beasts
  2 black bears
  5 orc warriors
  A sky beast (D:6)
  An ogre (D:6)
  A wolf (D:6)
  2 centaurs
  5 kobold brigands
  2 phantoms
  19 bullfrogs
  5 necrophages
  A gnoll sergeant (D:6)
  3 scorpions
  5 wights
  4 killer bees (D:8)
  An electric eel (D:8)
  4 howler monkeys
  7 hounds
  2 jellies (D:5)
  Crazy Yiuf (D:7)
  An orc priest (D:8)
  Natasha (thrice) (D:3)
  3 iguanas
  10 orc wizards
  Robin (D:2)
  18 gnolls
  7 adders
  2 shadow imps (D:7)
  A white imp (D:7)
  An ufetubus (D:6)
  2 worms
  3 dart slugs (D:1)
  20 orcs
  8 bats
  4 endoplasms
  6 giant cockroaches
  21 goblins
  12 hobgoblins
  5 jackals
  30 kobolds
  3 quokkas (D:1)
  5 ball pythons
  4 frilled lizards
  3 rats
261 creatures vanquished.

Vanquished Creatures (others)
  An orc wizard (D:8)
  23 plants (D:9)
24 creatures vanquished.

Grand Total: 285 creatures vanquished

Notes
Turn   | Place    | Note
-------+----------+-------------------------------------------
     0 | D:1      | qeuew the Hill Orc Fighter began the quest for the Orb.
     0 | D:1      | Reached XP level 1. HP: 19/19 MP: 1/1
    88 | D:1      | Reached XP level 2. HP: 27/27 MP: 2/2
   336 | D:1      | Reached skill level 3 in Axes
   336 | D:1      | Reached skill level 1 in Dodging
   463 | D:1      | Reached XP level 3. HP: 33/33 MP: 3/3
   829 | D:1      | Gained mutation: You have supernaturally acute eyesight.
                  | (SInv) [potion of mutation]
   829 | D:1      | Gained mutation: Your system is resistant to poisons.
                  | (rPois) [potion of mutation]
   829 | D:1      | Gained mutation: Your natural rate of healing is unusually
                  | fast. [potion of mutation]
  1292 | D:2      | Reached XP level 4. HP: 40/40 MP: 4/4
  1387 | D:2      | Noticed Sigmund
  1395 | D:2      | Killed Sigmund
  1396 | D:2      | Reached XP level 5. HP: 44/47 MP: 5/5
  1571 | D:2      | Reached XP level 6. HP: 53/53 MP: 6/6
  1584 | D:2      | Noticed Robin
  1600 | D:2      | Reached skill level 4 in Axes
  1608 | D:2      | Killed Robin
  1681 | D:2      | Found a faded altar of an unknown god.
  2019 | D:3      | Noticed Natasha
  2029 | D:3      | Killed Natasha
  2201 | D:3      | Noticed Natasha
  2208 | D:3      | Killed Natasha
  2252 | D:3      | Noticed Natasha
  2259 | D:3      | Killed Natasha
  2459 | D:3      | Found a sacrificial altar of Ru.
  2670 | D:4      | Reached skill level 1 in Evocations
  2670 | D:4      | Reached XP level 7. HP: 52/60 MP: 7/7
  2756 | D:4      | Reached skill level 5 in Fighting
  3399 | D:5      | Entered Level 5 of the Dungeon
  3399 | D:5      | Found Fagrari's Weapon Emporium.
  3516 | D:5      | Found Varapro's Magic Scroll Shoppe.
  3534 | D:5      | Found Elumeott's Jewellery Emporium.
  3556 | D:5      | Reached skill level 5 in Axes
  3607 | D:5      | Reached skill level 5 in Shields
  3607 | D:5      | Reached XP level 8. HP: 69/69 MP: 8/8
  3610 | D:5      | Reached skill level 5 in Armour
  3824 | D:5      | Found Caicvaosch's Antique Weapon Shop.
  3911 | D:5      | Found Gicirghou's Jewellery Shop.
  4019 | D:6      | Found Duor Imo's Armour Boutique.
  4196 | D:6      | Reached skill level 6 in Axes
  4267 | D:6      | Found a runed translucent door.
  4276 | D:6      | Reached XP level 9. HP: 74/77 MP: 9/9
  4283 | D:6      | Found a staircase to the Ecumenical Temple.
  4357 | D:6      | Reached skill level 5 in Dodging
  4365 | D:6      | HP: 3/78 [orc warrior/+0 dire flail (17)]
  4421 | D:6      | Found Ysoev's General Store.
  4800 | D:6      | Found Gegar's General Store.
  4869 | D:6      | Noticed Bediveer's ghost (novice DrTm)
  4903 | D:6      | Killed Bediveer's ghost
  4940 | D:7      | Reached skill level 7 in Axes
  5098 | D:7      | Noticed Maggie
  5111 | D:7      | Killed Maggie
  5112 | D:7      | Reached XP level 10. HP: 41/86 MP: 10/10
  5235 | D:7      | Found an ancient bone altar of Kikubaaqudgha.
  5235 | D:7      | Found a hazy altar of Hepliaklqana.
  5235 | D:7      | Found a blossoming altar of Fedhas.
  5235 | D:7      | Found a snail-covered altar of Cheibriados.
  5244 | D:7      | Found a stormy altar of Qazlal.
  5244 | D:7      | Found a glowing golden altar of the Shining One.
  5302 | Temple   | Entered the Ecumenical Temple
  5309 | Temple   | Became a worshipper of Nemelex Xobeh the Trickster
  5434 | D:7      | Found a runed translucent door.
  5437 | D:7      | Noticed Crazy Yiuf
  5495 | D:7      | Found Teolygown's Book Emporium.
  5556 | D:7      | Killed Crazy Yiuf
  5684 | D:8      | Found a flagged portal.
  5699 | Bailey   | Entered a bailey
  5834 | Bailey   | Reached skill level 8 in Axes
  5834 | Bailey   | Reached skill level 5 in Evocations
  5882 | Bailey   | Noticed a vault guard
  5904 | Bailey   | Killed a vault guard
  5946 | Bailey   | Noticed a vault guard
  5946 | Bailey   | Noticed Prince Ribbit
  5960 | Bailey   | Killed Prince Ribbit
  5968 | Bailey   | Killed a vault guard
  5969 | Bailey   | Reached XP level 11. HP: 34/95 MP: 11/11
  6324 | D:8      | HP: 4/95 [electric eel/bolt of electricity (13)]
  6327 | D:8      | HP: 1/95 [poisoned by a killer bee]
  6332 | D:8      | HP: 2/95 [poisoned by a killer bee]
  6472 | D:8      | Reached * piety under Nemelex Xobeh
  6819 | D:9      | Received a gift from Nemelex Xobeh
  6841 | D:9      | Reached skill level 9 in Axes
  6856 | D:9      | Noticed a boulder beetle
  6856 | D:9      | Noticed a two-headed ogre
  6856 | D:9      | Noticed a shadow wraith
  6893 | D:9      | Killed a boulder beetle
  6898 | D:9      | Noticed a wizard
  6901 | D:9      | Killed from afar by a wizard

Illustrated notes

Levels and vault maps discovered:
D:1:      lightli_arrival_maybe_door_vault, layout_loops_corners
D:2:      layout_basic, dreamdust_ecumenical_altar_angels_and_demons,
          minmay_surrounded, uniq_robin, uniq_sigmund
D:3:      layout_basic, nicolae_ru_awakened_eye, uniq_natasha
D:4:      layout_basic
D:5:      layout_basic, serial_shops, shop, shop, nicolae_square_shop,
          nicolae_lakefront_shop, nicolae_shop_stone
D:6:      layout_cave_pools, minmay_temple_entry_poolview,
          ebering_ghost_sewer_d, serial_gnoll_camp, gnoll_camp_mini_doghouse,
          gnoll_camp_mini_house, gnoll_camp_mini_loothouse,
          gnoll_camp_mini_doghouse, serial_shops, nicolae_shop_hallway_stairs,
          nicolae_shop_hallway_plus, shop
D:7:      layout_rooms, grunt_temple_overflow_open, serial_shops,
          kennysheep_mini, uniq_crazy_yiuf_cottage, uniq_maggie
D:8:      layout_basic, enter_bailey_7
D:9:      nzn_winding_woodlands_cross [nzn_winding_woodlands_5x15_split_checker,
          nzn_winding_woodlands_5x15_sidewinder,
          nzn_winding_woodlands_5x15_concentric,
          nzn_winding_woodlands_5x15_twine,
          nzn_winding_woodlands_15x15_five_gardens], layout_irregular_city,
          supply_closet_lemuel, minmay_ruined_shrine, uniq_harold
Temple:   nicolae_temple_bog_church

Skill      XL: |  1  2  3  4  5  6  7  8  9 10 11 |
---------------+----------------------------------+-----
Axes           | 3 4 5 6 7 8 9 |  9.2
Dodging        | 1 2 3 4 6 7 |  7.9
Fighting       | 4 5 6 7 8 |  8.8
Armour         | 4 5 6 7 8 |  8.1
Shields        | 4 5 6 7 8 |  8.0
Evocations     | 1 2 3 4 5 6 |  6.1

Action                   |  1- 3 |  4- 6 |  7- 9 | 10-12 || total
-------------------------+-------+-------+-------+-------++-------
Melee: War axe           |    97 |   110 |   364 |   250 ||   821
Throw: Throwing net      |       |       |       |     2 ||     2
Evoke: Wand              |       |       |       |     8 ||     8
  Use: Potion            |     3 |     3 |     4 |     5 ||    15
       Scroll            |       |     7 |     5 |     6 ||    18
 Stab: Held in net/web   |       |       |       |     4 ||     4
       Invisible         |       |       |       |     3 ||     3
Armor: Scale mail        |    47 |    46 |   128 |    56 ||   277
Dodge: Dodged            |    53 |    63 |   231 |   156 ||   503
Block: Buckler           |    20 |    28 |   129 |    80 ||   257

Table legend: (Time is in decaauts)
 A = Elapsed time spent in this place.
 B = Non-inter-level travel time spent in this place.
 C = Inter-level travel time spent in this place.
 D = Time resting spent in this place.
 E = Time spent auto-exploring this place.
 F = Levels seen in this place.
 G = Mean time per level.
                   A        B        C        D        E       F      G
               +--------+--------+--------+--------+--------+-----+--------+
         Total |   7118 |   6805 |    313 |     80 |   4994 |  11 |  647.1 |
       Dungeon |   6681 |   6373 |    308 |     80 |   4730 |   9 |  742.3 |
        Temple |     12 |      8 |      4 |      0 |      0 |   1 |   12.0 |
        Bailey |    423 |    423 |      0 |      0 |    264 |   1 |  423.0 |
               +--------+--------+--------+--------+--------+-----+--------+

Top non-repeatable levels by time:
     D:2: 1046 daAuts
     D:6: 998 daAuts
     D:4: 903 daAuts
     D:1: 899 daAuts
     D:8: 735 daAuts
     D:7: 709 daAuts
     D:3: 653 daAuts
     D:5: 636 daAuts
  Bailey: 423 daAuts
     D:9: 100 daAuts
  Temple: 12 daAuts
